 Dungeon Crawl Stone Soup version 0.19-a0-1631-gd09ab47 (webtiles) character file.

275 PurpleRed the Bolt Thrower (level 6, -8/39 HPs)
             Began as a Kobold Hunter on Sept 19, 2016.
             Killed by nerve-wracking pain
             ... invoked by an orc priest
              (13 damage)
             ... on level 4 of the Dungeon.
             The game lasted 00:06:27 (629 turns).

PurpleRed the Bolt Thrower (Kobold Hunter)           Turns: 629, Time: 00:06:28

Health: -8/39      AC:  5    Str: 11    XL:     6   Next: 49%
Magic:  6/6        EV: 13    Int: 12    God:
Gold:   94         SH:  0    Dex: 16    Spells: 0 memorised, 5 levels left

rFire  . . .     SeeInvis .     k - +0 rapier (venom)
rCold  . . .     Gourm    .     g - +0 ring mail
rNeg   . . .     Faith    .     (shield restricted)
rPois  .         Spirit   .     (no helmet)
rElec  .         Dismiss  .     (no cloak)
rCorr  .         Reflect  .     (no gloves)
MR     .....     Harm     .     (no boots)
Stlth  +.........               (no amulet)
                                (no ring)
                                (no ring)

@: no status effects
A: carnivore 3
a: no special abilities


You were on level 4 of the Dungeon.
You were completely stuffed.

You visited 1 branch of the dungeon, and saw 5 of its levels.

You collected 94 gold pieces.

Inventory:

Hand Weapons
 a - a +1 hand crossbow
 b - a +0 short sword
 k - a +0 rapier of venom (weapon)
Missiles
 d - 8 bolts
Armour
 c - a +0 leather armour
 e - a +0 chain mail
 g - a +0 ring mail (worn)
Potions
 h - a potion of degeneration {unknown}
 i - a potion of brilliance {unknown}
Comestibles
 f - a meat ration
 j - a chunk of flesh


   Skills:
 + Level 4.3 Fighting
 * Level 7.7 Crossbows
 - Level 2.4 Dodging
 - Level 1.3 Stealth


You had 5 spell levels left.
You didn't know any spells.

Dungeon Overview and Level Annotations

Branches:
Dungeon (5/15)
 Temple: D:4-7

Altars:
Fedhas

Shops:
D:4 }


Innate Abilities, Weirdness & Mutations

You are small and have problems with some larger weapons.
You are carnivorous and can eat meat at any time.


Message History

There is an open door here.
The orc priest casts a cantrip, but nothing happens.
You hit the orc.
The orc is poisoned.
The orc is moderately wounded.
The orc hits you with a club.
You hit the orc.
You kill the orc!
The orc hits you with a mace.
You closely miss the orc priest.
The orc priest is almost dead.
The orc hits you with a mace.
* * * LOW HITPOINT WARNING * * *
The orc priest hits you.
* * * LOW HITPOINT WARNING * * *
You barely miss the orc priest.
The orc priest is almost dead.
The orc misses you.
The orc priest mumbles some strange prayers to Beogh against you.
Pain shoots through your body!
You die...

#############
######...........#.#
..........)....o.#o##
...##..........o@#..#
........#......###oo#
#..#....#......###.o# .
........+......'.#..##..#
...รท....#......#o#....#
...(....#........(.(#
.#......#.........#...#
.##.....#.......#.(.#...#
........######....#$..#(.


You could see an orc priest and an orc.

Vanquished Creatures
  Sigmund (D:2)
  A scorpion (D:5)
  An iguana (D:4)
  An adder (D:3)
  A worm (D:4)
  A leopard gecko (D:3)
  2 orcs (D:4)
  2 bats (D:1)
  2 giant cockroaches
  2 goblins
  3 jackals (D:4)
  A quokka (D:3)
  2 frilled lizards
  A kobold (D:3)
21 creatures vanquished.

Notes
Turn   | Place    | Note
-------+----------+-------------------------------------------
     0 | D:1      | PurpleRed the Kobold Hunter began the quest for the Orb.
     0 | D:1      | Reached XP level 1. HP: 12/12 MP: 1/1
    31 | D:1      | Reached skill level 5 in Crossbows
    94 | D:2      | Noticed Sigmund
   156 | D:2      | Killed Sigmund
   156 | D:2      | Reached skill level 7 in Crossbows
   156 | D:2      | Reached XP level 2. HP: 20/20 MP: 2/2
   156 | D:2      | Reached XP level 3. HP: 24/24 MP: 3/3
   156 | D:2      | Reached XP level 4. HP: 29/29 MP: 4/4
   156 | D:2      | Reached XP level 5. HP: 33/33 MP: 5/5
   262 | D:4      | Reached XP level 6. HP: 38/38 MP: 6/6
   352 | D:3      | Found a blossoming altar of Fedhas.
   440 | D:5      | Entered Level 5 of the Dungeon
   459 | D:4      | Found Umilien's Gadget Boutique.
   629 | D:4      | Killed from afar by an orc priest

Vault maps used:
D:1:      scummos_arrival_simple_fountains
D:2:      overflow_temple_1_default, okawaru_altar_gauntlet_db, uniq_natasha,
          uniq_iyjb, uniq_sigmund, uniq_crazy_yiuf_cottage
D:3:      old_standard_altar, first_bread, fedhas_altar_1
D:4:      serial_shops, shop, hex_large, minmay_misc_feat_chi
D:5:      nrook_mini_backslash, uniq_prince_ribbit1, uniq_grinder

Skill      XL: |  1  2  3  4  5 |
---------------+----------------+-----
Crossbows      | 7 |  7.7
Fighting       | 3 4 |  4.3
Dodging        | |  2.4
Stealth        | |  1.3

Action                   |  1- 3 |  4- 6 || total
-------------------------+-------+-------++-------
Melee: Short sword       |       |    10 ||    10
       Rapier            |       |     8 ||     8
 Fire: Hand crossbow     |    13 |    49 ||    62
  Use: Scroll            |     1 |     4 ||     5
  Eat: Chunk             |     1 |     6 ||     7
Armor: Ring mail         |       |    20 ||    20
Dodge: Dodged            |     3 |    57 ||    60
